 Dungeon Crawl Stone Soup version 0.21.1-1-g345015f (webtiles) character file.

518 Mirai the Thaumaturge (level 7, -5/36 HPs)
             Began as a Deep Elf Conjurer on Mar 28, 2018.
             Slain by a wight
             ... wielding a cursed +5 battleaxe
              (8 damage)
             ... on level 6 of the Dungeon.
             The game lasted 00:09:59 (4201 turns).

Mirai the Thaumaturge (Deep Elf Conjurer)           Turns: 4201, Time: 00:09:59

Health: -5/36      AC:  4    Str:  5    XL:     7   Next: 1%
Magic:  16/31      EV: 13    Int: 22    God:
Gold:   270        SH:  0    Dex: 15    Spells: 15/26 levels left

rFire    + . .     SeeInvis .   x - +2 rapier (speed)
rCold    . . .     Gourm    .   (no shield)
rNeg     . . .     Faith    .   a - +0 robe
rPois    .         Spirit   .   e - +0 helmet
rElec    .         Reflect  .   i - +0 cloak
rCorr    .         Harm     .   (no gloves)
MR       .....                  (no boots)
Stlth    ++........             (no amulet)
HPRegen  0.12/turn              h - ring of protection from fire
MPRegen  0.22/turn              p - ring of magical power

@: no status effects
A: no striking features
a: no special abilities


You were on level 6 of the Dungeon.
You were not hungry.

You visited 1 branch of the dungeon, and saw 6 of its levels.

You collected 270 gold pieces.

Inventory:

Hand Weapons
 x - a +2 rapier of speed (weapon)
Armour
 a - a +0 robe (worn)
 e - a +0 helmet (worn)
 i - a +0 cloak (worn)
Jewellery
 h - a ring of protection from fire (left hand)
 p - a ring of magical power (right hand)
 s - an uncursed ring of see invisible {unknown}
Wands
 y - a wand of paralysis (24)
Scrolls
 f - 2 scrolls of fog
 m - 5 scrolls of magic mapping
 q - 2 scrolls of random uselessness
 r - 7 scrolls of identify
 t - 3 scrolls of amnesia
 v - 4 scrolls of teleportation
Potions
 d - a potion of magic
 g - 2 potions of agility {unknown}
 j - 2 potions of heal wounds {unknown}
 k - 2 potions of lignification {unknown}
 l - 3 potions of degeneration {unknown}
 n - 2 potions of might {unknown}
 o - 5 potions of curing {unknown}
 u - a potion of mutation {unknown}
 w - a potion of haste {unknown}
 z - a potion of brilliance {unknown}
Books
 b - a book of Conjurations

   Spells                             Type                      Level
   a - Magic Dart                     Conjuration                  1
   b - Searing Ray                    Conjuration                  2
   c - Dazzling Spray                 Conjuration/Hexes            3
   d - Fulminant Prism                Conjuration/Hexes            4
   e - Force Lance                    Conjuration/Translocation    4
   f - Iskenderun's Mystic Blast      Conjuration                  4
Comestibles
 c - 12 rations
 A - 2 chunks of flesh


   Skills:
 - Level 2.4 Dodging
 - Level 2.4 Stealth
 + Level 10.1 Spellcasting
 - Level 4.3 Conjurations


You had 15 spell levels left.
You knew the following spells:

 Your Spells              Type           Power        Failure   Level  Hunger
a - Magic Dart            Conj           ####         1%          1    None
b - Searing Ray           Conj           ####..       1%          2    None
c - Iskenderun's Mystic   Conj           ####....     10%         4    ##.....
d - Fulminant Prism       Conj/Hex       ###.......   24%         4    ##.....


Dungeon Overview and Level Annotations

Branches:
Dungeon (6/15)
 Temple: D:4-7

Altars:
Nemelex Xobeh
Okawaru
Qazlal
Ru
Xom


Message History

Ouch! That really hurt!
* * * LOW HITPOINT WARNING * * *
The searing ray hits the wight.
You destroy the wight!
The searing ray hits the wight.
You destroy the wight!
Your Spellcasting skill increases to level 10!
You have reached level 7!
Okay, then.
Okay, then.
Casting: Searing Ray
Confirm with . or Enter, or press ? or * to list all spells.
Aiming: Iskenderun's Mystic Blast
Press: ? - help, Shift-Dir - straight line, f - wight
Aim: a wight, wielding an enchanted battleaxe and wearing a robe The orb of energy hits the wight.
The wight is severely damaged.
The orb of energy explodes!
The wight hits you with an enchanted battleaxe!
You die...

##
########...##
#...(@z.....#
#.######....#
#.#


You could see a wight.

Vanquished Creatures
  An ogre (D:4)
  2 wights (D:6)
  A hound (D:4)
  Terence (D:2)
  2 orc wizards
  2 worker ants (D:4)
  A hound skeleton (D:4)
  2 howler monkey zombies (D:5)
  3 adders
  An adder zombie (D:5)
  2 worms
  2 dart slugs
  4 leopard geckos
  17 orcs
  5 giant cockroaches
  3 goblins
  9 hobgoblins
  18 jackals
  5 kobolds
  A quokka (D:4)
  10 bats
  8 frilled lizards
  A jackal skeleton (D:5)
  A quokka skeleton (D:4)
  4 rats (D:3)
106 creatures vanquished.

Notes
Turn   | Place    | Note
-------+----------+-------------------------------------------
     0 | D:1      | Mirai the Deep Elf Conjurer began the quest for the Orb.
     0 | D:1      | Reached XP level 1. HP: 10/10 MP: 6/6
   261 | D:1      | Reached skill level 4 in Spellcasting
   261 | D:1      | Reached XP level 2. HP: 15/15 MP: 7/9
   986 | D:2      | Learned a level 2 spell: Searing Ray
   994 | D:2      | Reached skill level 5 in Spellcasting
   994 | D:2      | Reached XP level 3. HP: 19/19 MP: 5/11
  1482 | D:2      | Noticed Terence
  1488 | D:2      | Killed Terence
  1488 | D:2      | Reached skill level 6 in Spellcasting
  1488 | D:2      | Reached XP level 4. HP: 24/24 MP: 9/14
  1803 | D:3      | Found an iron altar of Okawaru.
  2053 | D:3      | Found a shimmering altar of Xom.
  2105 | D:3      | Reached skill level 7 in Spellcasting
  2105 | D:3      | Reached XP level 5. HP: 20/28 MP: 7/16
  2333 | D:3      | Learned a level 4 spell: Iskenderun's Mystic Blast
  2338 | D:3      | Learned a level 4 spell: Fulminant Prism
  2438 | D:3      | Found a stormy altar of Qazlal.
  2885 | D:4      | Reached skill level 8 in Spellcasting
  3102 | D:4      | Found a sparkling altar of Nemelex Xobeh.
  3260 | D:4      | Reached XP level 6. HP: 26/32 MP: 14/19
  3336 | D:4      | Reached skill level 9 in Spellcasting
  3521 | D:5      | Entered Level 5 of the Dungeon
  3725 | D:5      | Found a sacrificial altar of Ru.
  4200 | D:6      | Reached skill level 10 in Spellcasting
  4200 | D:6      | Reached XP level 7. HP: 3/36 MP: 21/22
  4201 | D:6      | Slain by a wight

Skill      XL: |  1  2  3  4  5  6 |
---------------+-------------------+-----
Spellcasting   | 4 5 6 7 8 10 | 10.1
Dodging        | |  2.4
Stealth        | |  2.4
Conjurations   | |  4.3

Action                   |  1- 3 |  4- 6 |  7- 9 || total
-------------------------+-------+-------+-------++-------
Melee: Dagger            |    20 |     4 |       ||    24
       Rapier            |       |     5 |       ||     5
 Cast: Magic Dart        |    68 |    85 |       ||   153
       Searing Ray       |     4 |    20 |       ||    24
       Iskenderun's Myst |       |       |     1 ||     1
  Use: Scroll            |       |     8 |       ||     8
  Eat: Chunk             |     2 |     8 |       ||    10
Armor: Robe              |     8 |     7 |       ||    15
Dodge: Dodged            |    40 |    35 |       ||    75
